 Dungeon Crawl Stone Soup version 0.29-a0-187-ga23d9638d5 (webtiles) character file.

Game seed: 11499636075115418521

46 cyrus the Skirmisher (level 3, -8/33 HPs)
             Began as a Hill Orc Fighter on Feb 21, 2022.
             Mangled by a gnoll (15 damage)
             ... on level 2 of the Dungeon.
             The game lasted 00:02:23 (1475 turns).

cyrus the Skirmisher (Hill Orc Fighter)             Turns: 1475, Time: 00:02:23

Health: -8/33      AC:  7    Str: 18    XL:     3   Next: 66%
Magic:  3/3        EV:  9    Int: 10    God:
Gold:   36         SH:  4    Dex: 10    Spells: 2/2 levels left

rFire   . . .      SeeInvis .   a - +0 war axe
rCold   . . .      Faith    .   c - +0 buckler
rNeg    . . .      Spirit   .   b - +0 scale mail
rPois   .          Reflect  .   (no helmet)
rElec   .          Harm     .   (no cloak)
rCorr   .          Rampage  .   (no gloves)
Will    .....                   (no boots)
Stlth   ..........              (no amulet)
HPRegen 0.11/turn               (no ring)
MPRegen 0.08/turn               (no ring)

@: mighty
A: no striking features
a: no special abilities


You were on level 2 of the Dungeon.
You visited 1 branch of the dungeon, and saw 2 of its levels.

You collected 36 gold pieces.

Inventory:

Hand Weapons
 a - a +0 war axe (weapon)
Armour
 b - a +0 scale mail (worn)
 c - a +0 buckler (worn)
Jewellery
 e - a ring of fire
 h - a ring of willpower
Scrolls
 f - a scroll of noise {unknown}
 g - a scroll of amnesia {unknown}
 i - a scroll of vulnerability {unknown}
 j - 2 scrolls of identify {unknown}
 k - a scroll of enchant weapon {unknown}
 l - a scroll of magic mapping {unknown}
Potions
 d - a potion of might


   Skills:
 + Level 4.2 Fighting
 + Level 3.4 Axes
 + Level 3.7 Armour
 + Level 0.1 Dodging
 + Level 3.7 Shields


You had 2 spell levels left.
You didn't know any spells.
Your spell library was empty.

Dungeon Overview and Level Annotations

Branches:
Dungeon (2/15)

Altars:


Message History

You now have 36 gold pieces (gained 16).
Things that are here:
a +0 club; a +0 robe A gnoll comes into view.
It is wielding a +0 halberd.
The gnoll shouts!
You hear a shout! x3
A gnoll comes into view. It is wielding a +0 halberd.
A gnoll comes into view. It is wielding a +0 flail.
The gnoll moves out of view.
There are monsters nearby!
A kobold and a gnoll come into view.
The gnoll shouts! x2
The gnoll barely misses you.
A frilled lizard comes into view.
You block the gnoll's attack. The gnoll misses you.
The gnoll hits you from afar with a +0 halberd.
You closely miss the gnoll. The gnoll barely misses you.
The gnoll hits you from afar with a +0 halberd.
You block the kobold's attack.
You feel very mighty all of a sudden. The gnoll closely misses you.
The gnoll completely misses you. You block the kobold's attack.
You slash the gnoll!
You kill the gnoll!
You slash the kobold!
You kill the kobold!
You hit the gnoll. The gnoll closely misses you.
The gnoll completely misses you. The gnoll closely misses you.
The gnoll hits you with a +0 flail. The gnoll closely misses you.
You block the gnoll's attack.
The gnoll hits you from afar with a +0 halberd.
The gnoll hits you but does no damage.
The gnoll hits you from afar with a +0 halberd!
You see here a +0 flail.
You hit the gnoll.
The gnoll is severely wounded.
The gnoll hits you from afar with a +0 halberd.
* * * LOW HITPOINT WARNING * * *
The gnoll hits you from afar with a +0 halberd!
You die...

.........# +. .........# ... #
###. .........# ... .##.#.
......... ..... ...#.
........###.# ..#+####.##
............##..........#
############ggl..............'
#...........)................#
'............@g.............##
#..................##.......##
#..................##.####..#.
########..........(##.#.......
#...........##.#.....#. #
#####.......##.#.....#.
...####....)).##......##
.....................##
........###..............


You could see 3 gnolls and a frilled lizard.

Vanquished Creatures
  An adder (D:2)
  A gnoll (D:2)
  A dart slug (D:1)
  4 bats
  A giant cockroach (D:1)
  A goblin (D:1)
  A hobgoblin (D:1)
  A quokka (D:1)
  3 ball pythons
  4 frilled lizards
  6 kobolds
  2 rats
26 creatures vanquished.

Notes
Turn   | Place    | Note
-------+----------+-------------------------------------------
     0 | D:1      | cyrus the Hill Orc Fighter began the quest for the Orb.
     0 | D:1      | Reached XP level 1. HP: 19/19 MP: 1/1
   307 | D:1      | Reached XP level 2. HP: 26/27 MP: 2/2
   661 | D:2      | Reached skill level 4 in Fighting
   756 | D:2      | Reached XP level 3. HP: 9/33 MP: 3/3
  1475 | D:2      | Mangled by a gnoll

Illustrated notes

Levels and vault maps discovered:
D:1:      lemuel_arrival_broad_hall, layout_basic
D:2:      layout_basic

Skill      XL: |  1  2 |
---------------+-------+-----
Fighting       | 4 |  4.2
Axes           | 3 |  3.4
Armour         | |  3.7
Dodging        | |  0.1
Shields        | |  3.7

Action                   || total
-------------------------++-------
Melee: War axe           ||    56
  Use: Potion            ||     1
Armor: Scale mail        ||    39
Dodge: Dodged            ||    38
Block: Buckler           ||    22

Table legend: (Time is in decaauts)
 A = Elapsed time spent in this place.
 B = Non-inter-level travel time spent in this place.
 C = Inter-level travel time spent in this place.
 D = Time resting spent in this place.
 E = Time spent auto-exploring this place.
 F = Levels seen in this place.
 G = Mean time per level.
                   A        B        C        D        E       F      G
               +--------+--------+--------+--------+--------+-----+--------+
         Total |   1496 |   1458 |     38 |    557 |    653 |   2 |  748.0 |
       Dungeon |   1496 |   1458 |     38 |    557 |    653 |   2 |  748.0 |
               +--------+--------+--------+--------+--------+-----+--------+

Top non-repeatable levels by time:
     D:2: 841 daAuts
     D:1: 655 daAuts
